[Event "ICC tourney 2097 (40 10)"]
[Site "Internet Chess Club"]
[Date "2020.11.01"]
[Round "1"]
[White "WizardY"]
[Black "ChessG2011"]
[Result "1-0"]
[ICCResult "Black resigns"]
[WhiteElo "1635"]
[BlackElo "1198"]
[Opening "Ruy Lopez: 5.O-O"]
[ECO "C78"]
[NIC "RL.12"]
[Time "11:04:10"]
[TimeControl "2400+10"]

1. e4 e5 2. Nf3 Nc6 3. Bb5 a6 4. Ba4 Nf6 5. O-O b5 6. Bb3 Bc5 7. Nxe5 Nxe5
8. d4 Bxd4 9. Qxd4 Nc6 10. Qc3 Bb7 11. e5 Nd5 12. Bxd5 b4 13. Qb3 Qe7 14.
Re1 Rb8 15. Bd2 Nd4 16. Qc4 Nxc2 17. Qxc2 Bxd5 18. Qxc7 Qd8 {Black resigns}
1-0

[Event "ICC tourney 2097 (40 10)"]
[Site "Internet Chess Club"]
[Date "2020.11.01"]
[Round "1"]
[White "VirginiaGuy"]
[Black "yogokings12"]
[Result "1/2-1/2"]
[ICCResult "Game drawn by mutual agreement"]
[WhiteElo "1406"]
[BlackElo "1659"]
[Opening "King's Indian: Torre attack"]
[ECO "A48"]
[NIC "QP.02"]
[Time "11:04:09"]
[TimeControl "2400+10"]

1. d4 Nf6 2. Nf3 g6 3. Bg5 Ne4 4. Bf4 Bg7 5. h3 d5 6. e3 O-O 7. c3 c5 8.
Nbd2 Nxd2 9. Qxd2 cxd4 10. exd4 Nc6 11. Be2 Bf5 12. O-O Re8 13. Rfe1 Qb6 14.
Qc1 Rad8 15. Ne5 Nxe5 16. dxe5 Rc8 17. Be3 Qa5 18. Bd4 b5 19. Qe3 a6 20. Bd1
Qc7 21. Bf3 Be6 22. Rac1 Qc6 23. Qf4 Red8 24. Qh4 Qb7 25. Qg5 b4 26. Qd2
bxc3 27. Rxc3 Rxc3 28. Bxc3 Qd7 29. Bd4 Rc8 30. Rc1 Rxc1+ 31. Qxc1 f6 32.
exf6 Bxf6 33. Bxf6 exf6 34. Qf4 Kg7 35. Qd4 Qc7 36. Kh1 Qc1+ 37. Kh2 Qc7+
38. Kh1 Qc4 39. Qa7+ Kh6 40. Qe3+ Kg7 41. Qxe6 Qc1+ 42. Kh2 Qf4+ 43. Kg1
Qc1+ 44. Kh2 Qf4+ {Game drawn by mutual agreement} 1/2-1/2

[Event "ICC tourney 2097 (40 10)"]
[Site "Internet Chess Club"]
[Date "2020.11.01"]
[Round "1"]
[White "yanje03"]
[Black "gmcarebear999"]
[Result "0-1"]
[ICCResult "White checkmated"]
[WhiteElo "1471"]
[BlackElo "1749"]
[Opening "Sicilian: dragon, Yugoslav attack"]
[ECO "B75"]
[NIC "SI.17"]
[Time "11:04:19"]
[TimeControl "2400+10"]

1. e4 c5 2. Nf3 d6 3. d4 cxd4 4. Nxd4 Nf6 5. Nc3 g6 6. Be3 Bg7 7. f3 Nc6 8.
Qd2 Bd7 9. g4 Nxd4 10. Bxd4 O-O 11. h4 h5 12. Bxf6 Bxf6 13. gxh5 Rc8 14.
hxg6 fxg6 15. h5 Rxc3 16. bxc3 Qa5 17. Kf2 Bxc3 18. Qh6 Qc5+ 19. Kg2 Bg7 20.
Qc1 Bxa1 21. Qxa1 Qg5+ 22. Kf2 Bg4 23. Bc4+ e6 24. Be2 Bxf3 25. Bxf3 Qd2+
26. Kg1 Rxf3 27. Rh2 Rg3+ 28. Kh1 Qe3 29. Qe1 Qxe1# {White checkmated} 0-1

[Event "ICC tourney 2097 (40 10)"]
[Site "Internet Chess Club"]
[Date "2020.11.01"]
[Round "1"]
[White "ScoutViolet"]
[Black "SoaringHawk24"]
[Result "1/2-1/2"]
[ICCResult "Game drawn by mutual agreement"]
[WhiteElo "1636"]
[BlackElo "1368"]
[Opening "Four knights: Nimzovich (Paulsen) variation"]
[ECO "C49"]
[NIC "KP.03"]
[Time "11:04:09"]
[TimeControl "2400+10"]

1. e4 e5 2. Nf3 Nc6 3. Nc3 Nf6 4. Bb5 Bb4 5. O-O O-O 6. Bxc6 dxc6 7. d3 Bg4
8. h3 Bxf3 9. Qxf3 Bxc3 10. bxc3 Qd6 11. Bg5 h6 12. Bh4 g5 13. Bg3 Qe6 14.
Rfe1 Nd7 15. d4 f6 16. Qe2 Nb6 17. Red1 Rad8 18. Qf3 Rfe8 19. Qh5 Kg7 20. f3
Na4 21. Rd3 Nb2 22. Rd2 Na4 23. Rd3 Nb2 24. Rd2 {Game drawn by mutual
agreement} 1/2-1/2

[Event "ICC tourney 2097 (40 10)"]
[Site "Internet Chess Club"]
[Date "2020.11.01"]
[Round "1"]
[White "Hrushichess"]
[Black "Dhruti813kob36"]
[Result "1-0"]
[ICCResult "Black checkmated"]
[WhiteElo "1682"]
[BlackElo "1425"]
[Opening "Scotch gambit: Dubois-Réti defense"]
[ECO "C55"]
[NIC "KP.02"]
[Time "11:04:11"]
[TimeControl "2400+10"]

1. e4 e5 2. Nf3 Nc6 3. d4 exd4 4. Bc4 Nf6 5. e5 d5 6. Bb5 Ne4 7. Nxd4 Bd7 8.
Bxc6 bxc6 9. O-O Be7 10. f3 Nc5 11. f4 O-O 12. f5 f6 13. e6 Be8 14. Nc3 Bd6
15. Bf4 Nb7 16. Qe2 a6 17. Bxd6 Qxd6 18. Rae1 Qe7 19. Rf4 Nd6 20. Rh4 Nb5
21. Ndxb5 axb5 22. Rh3 b4 23. Nd1 Rxa2 24. Qf2 Ra1 25. Qh4 Qc5+ 26. Kh1 h6
27. Ne3 Rxe1+ 28. Qxe1 d4 29. Ng4 Qxf5 30. Rg3 Bg6 31. h3 Qxc2 32. e7 Re8
33. Qe6+ Kh7 34. h4 d3 35. h5 Bxh5 36. Qf5+ Kh8 37. Nxf6 g6 38. Rxg6 d2 39.
Rxh6+ Kg7 40. Rh7# {Black checkmated} 1-0

[Event "ICC tourney 2097 (40 10)"]
[Site "Internet Chess Club"]
[Date "2020.11.01"]
[Round "1"]
[White "MadiChesskid"]
[Black "wahoo"]
[Result "0-1"]
[ICCResult "White checkmated"]
[WhiteElo "1342"]
[BlackElo "1641"]
[Opening "Grünfeld: 5.Bg5"]
[ECO "D91"]
[NIC "GI.08"]
[Time "11:04:19"]
[TimeControl "2400+10"]

1. Nf3 Nf6 2. c4 g6 3. d4 Bg7 4. Nc3 d5 5. Bg5 c6 6. e3 Bf5 7. Qb3 b6 8. Be2
dxc4 9. Bxc4 O-O 10. O-O Nbd7 11. Rfe1 b5 12. Bf1 Be6 13. Qc2 Rc8 14. Rad1
a6 15. b4 Qb6 16. e4 Rfe8 17. Be3 Qb7 18. Ng5 Nf8 19. Nxe6 Nxe6 20. Qb3 Red8
21. d5 cxd5 22. exd5 Nc7 23. g3 Ncxd5 24. Nxd5 Nxd5 25. Bg2 e6 26. Bg5 Rd7
27. Bf4 Rcd8 28. Re2 Nxf4 29. Bxb7 Rxd1+ 30. Qxd1 Rxd1+ 31. Re1 Rxe1#
{White checkmated}
0-1

[Event "ICC tourney 2097 (40 10)"]
[Site "Internet Chess Club"]
[Date "2020.11.01"]
[Round "1"]
[White "Kinawa"]
[Black "keb2020"]
[Result "1/2-1/2"]
[ICCResult "Game drawn by mutual agreement"]
[WhiteElo "1546"]
[BlackElo "1819"]
[Opening "Pirc: Austrian attack"]
[ECO "B09"]
[NIC "PU.06"]
[Time "11:04:14"]
[TimeControl "2400+10"]

1. e4 d6 2. d4 Nf6 3. Nc3 g6 4. f4 Bg7 5. Nf3 O-O 6. Be2 d5 7. e5 Ne4 8.
Nxe4 dxe4 9. Ng5 Nc6 10. Be3 h6 11. Nxe4 f5 12. Bc4+ Kh7 13. Nc3 Na5 14. Be2
b6 15. O-O e6 16. b4 Nc6 17. Bf3 Bb7 18. a3 Rb8 19. Qd3 Ne7 20. Bxb7 Rxb7
21. Rf3 c6 {Game drawn by mutual agreement} 1/2-1/2

[Event "ICC tourney 2097 (40 10)"]
[Site "Internet Chess Club"]
[Date "2020.11.01"]
[Round "1"]
[White "mnm2"]
[Black "awakeflood"]
[Result "0-1"]
[ICCResult "White resigns"]
[WhiteElo "1491"]
[BlackElo "1796"]
[Opening "French: Tarrasch, closed variation, main line"]
[ECO "C06"]
[NIC "FR.17"]
[Time "11:04:29"]
[TimeControl "2400+10"]

1. e4 e6 2. d4 d5 3. Nd2 Nf6 4. e5 Nfd7 5. Bd3 c5 6. c3 Nc6 7. Ne2 cxd4 8.
cxd4 f6 9. exf6 Nxf6 10. O-O Bd6 11. f4 Qb6 12. Nf3 O-O 13. b3 Bd7 14. Be3
Ng4 15. Qd2 Bb4 16. Qc1 Rac8 17. Bf2 Nxf2 18. Rxf2 Nxd4 19. Qb2 Nxe2+ 20.
Qxe2 Bc5 21. Ng5 Bxf2+ 22. Qxf2 Qxf2+ 23. Kxf2 h6 24. Nh3 e5 25. f5 e4 26.
Be2 Bxf5 27. Ke3 Bxh3 28. gxh3 Rc3+ 29. Kd4 Rxh3 30. Kxd5 Rxh2 31. Bc4 b5
32. Bxb5 Rh5+ 33. Kc6 Rf6+ 34. Kb7 Rxb5+ 35. Kxa7 e3 36. Re1 Re6 37. Re2
Ra5+ 38. Kb7 Rxa2 39. Rxa2 e2 40. Ra1 e1=Q 41. Rxe1 Rxe1 42. b4 Rb1
{White resigns}
0-1

[Event "ICC tourney 2097 (40 10)"]
[Site "Internet Chess Club"]
[Date "2020.11.01"]
[Round "1"]
[White "atevifred"]
[Black "Niteshc"]
[Result "0-1"]
[ICCResult "White resigns"]
[WhiteElo "1863"]
[BlackElo "1656"]
[Opening "King's Indian: 6.Be2"]
[ECO "E91"]
[NIC "KI.19"]
[Time "11:04:12"]
[TimeControl "2400+10"]

1. d4 Nf6 2. c4 g6 3. Nc3 Bg7 4. e4 O-O 5. Nf3 d6 6. Be2 Nbd7 7. O-O Re8 8.
h3 e5 9. d5 Nc5 10. Qc2 Nh5 11. Bg5 f6 12. Be3 f5 13. b4 Nxe4 14. Nxe4 fxe4
15. Nd2 Nf4 16. Nxe4 Bf5 17. f3 Qh4 18. Bf2 Bxe4 19. fxe4 Qg5 20. Bf3 Nxh3+
21. Kh2 Nxf2 22. Qxf2 Rf8 23. Qg3 Qxg3+ 24. Kxg3 a5 25. a3 Ra7 26. Bg4 Rxf1
27. Rxf1 axb4 28. Be6+ Kh8 29. axb4 Ra3+ 30. Kh4 Rc3 31. Ra1 Bf6+
{White resigns}
0-1

[Event "ICC tourney 2097 (40 10)"]
[Site "Internet Chess Club"]
[Date "2020.11.01"]
[Round "1"]
[White "happyscientist"]
[Black "mnm1"]
[Result "1-0"]
[ICCResult "Black checkmated"]
[WhiteElo "1742"]
[BlackElo "1465"]
[Opening "Sicilian: Alapin's variation (2.c3)"]
[ECO "B22"]
[NIC "SI.46"]
[Time "11:04:10"]
[TimeControl "2400+10"]

1. e4 c5 2. c3 d6 3. d4 cxd4 4. cxd4 Nf6 5. Nc3 Bd7 6. Nf3 e6 7. e5 dxe5 8.
Nxe5 Bd6 9. Bg5 O-O 10. Qf3 Bc6 11. Bxf6 Qxf6 12. Qxf6 gxf6 13. Nxc6 Nxc6
14. O-O-O Rac8 15. g3 Rfd8 16. Bg2 Bb4 17. d5 exd5 18. Nxd5 Ne7+ 19. Kb1
Nxd5 20. Bxd5 b6 21. f4 Kf8 22. a3 Be7 23. Rhe1 Rc7 24. Be4 h6 25. Rxd8+
Bxd8 26. Rd1 Ke7 27. Bf5 a5 28. Rd5 Ke8 29. Bc2 Ke7 30. Rh5 Ke6 31. Rxh6 Kd5
32. Rh8 Rd7 33. Bb3+ Ke4 34. Bxf7 Rxf7 35. Rxd8 Rh7 36. Rd2 Kf3 37. Kc2 f5
38. Kb3 b5 39. Rd5 Rxh2 40. Rxf5 Kxg3 41. Rxb5 Kxf4 42. Rxa5 Rh3+ 43. Kb4
Ke4 44. b3 Kd4 45. a4 Rh4 46. Rc5 Rh3 47. Rc4+ Kd5 48. a5 Rh1 49. a6 Rh8 50.
Ka5 Rb8 51. a7 Rxb3 52. Rc8 Ra3+ 53. Kb6 Rb3+ 54. Kc7 Rc3+ 55. Kb7 Rb3+ 56.
Kc7 Rc3+ 57. Kd8 Rh3 58. a8=Q+ Kd6 59. Qc6+ Ke5 60. Qe8+ Kf6 61. Rc6+ Kf5
62. Qe6+ Kg5 63. Qxh3 Kf4 64. Re6 Kg5 65. Qg3+ Kf5 66. Qg6+ Kf4 67. Qf7+ Kg5
68. Rg6+ Kh4 69. Qh7# {Black checkmated} 1-0

[Event "ICC tourney 2097 (40 10)"]
[Site "Internet Chess Club"]
[Date "2020.11.01"]
[Round "1"]
[White "CoarseCrown"]
[Black "Deveshc"]
[Result "0-1"]
[ICCResult "White forfeits on time"]
[WhiteElo "1516"]
[BlackElo "1483"]
[Opening "Queen's gambit accepted"]
[ECO "D23"]
[NIC "QG.05"]
[Time "11:04:15"]
[TimeControl "2400+10"]

1. d4 d5 2. c4 dxc4 3. Nf3 Nf6 4. g3 Bg4 5. Bg2 c6 6. O-O e6 7. Ne5 Bh5 8.
Nxc4 Nbd7 9. Nc3 Be7 10. Qb3 Nb6 11. Na5 Qd7 12. Bf4 Nfd5 13. Nxd5 exd5 14.
Rfe1 O-O 15. e4 Rfd8 16. exd5 cxd5 17. Rac1 Rac8 18. Rxc8 Rxc8 19. Re5 Bd6
20. Rxh5 Bxf4 21. Bh3 Rc1+ 22. Kg2 Qe7 23. Qd3 g6 24. Rh4 Bg5 25. Rg4 Qe1
26. Kf3 Qe7 27. Qe2 f5 28. Rxg5 Qxg5 29. Qe6+ Kg7 30. Nxb7 Rg1 31. Nd6 Qh5+
32. Kf4 g5+ {White forfeits on time} 0-1

[Event "ICC tourney 2097 (40 10)"]
[Site "Internet Chess Club"]
[Date "2020.11.01"]
[Round "1"]
[White "ChessStar22"]
[Black "raremystery"]
[Result "1-0"]
[ICCResult "Black forfeits on time"]
[WhiteElo "1464"]
[BlackElo "1649"]
[Opening "QGD: 6.Nf3"]
[ECO "D55"]
[NIC "QO.13"]
[Time "11:04:08"]
[TimeControl "2400+10"]

1. d4 d5 2. c4 e6 3. Nc3 Nf6 4. Bg5 Be7 5. e3 O-O 6. Nf3 b6 7. cxd5 Nxd5 8.
Bxe7 Qxe7 9. Nxd5 exd5 10. Bd3 Bb7 11. O-O Nd7 12. Qc2 Nf6 13. Rac1 Rfc8 14.
Bf5 Rcb8 15. Qxc7 Qb4 16. Qc3 Qa4 17. a3 Ba6 18. Rfe1 Qe8 19. Ne5 Bc8 20.
Bxc8 Rxc8 21. Qb4 Qe6 22. f3 Nd7 23. Rxc8+ Rxc8 24. Nxd7 Qxd7 25. Qd2 Qc6
26. Re2 h6 27. e4 Rd8 28. Qc2 Qf6 29. e5 Qh4 30. Qc7 Qxd4+ 31. Kf1 Re8 32.
Qxa7 Qd1+ 33. Kf2 Qd4+ 34. Kg3 Re6 35. Qb8+ Kh7 36. h4 Rg6+ 37. Kh2 Qxh4+
38. Kg1 Qd4+ 39. Kh2 Qd1 40. Rf2 Qe1 41. Rc2 Rg5 42. g4 Rxe5 43. Qxb6 Qh4+
44. Kg2 Re1 45. Qf2 Qh1+ 46. Kg3 g5 47. Qh2 Qf1 48. Qg2 Qb5 49. Qf2 Re7 50.
Rc5 Qb8+ 51. Kg2 Qe8 52. Rc2 Re6 53. Kf1 Re7 54. Re2 Qb5 55. Ke1 Rc7 56. Rc2
Re7+ 57. Kd1 Qd3+ 58. Kc1 d4 59. Rd2 Qc4+ 60. Rc2 Qd3 61. Kb1 Re3 62. Qd2
Qf1+ 63. Ka2 Qxf3 64. Qxd4 Re4 65. Qd5 Qf4 66. Rc8 Re5 67. Qd8
{Black forfeits on time}
1-0

[Event "ICC tourney 2097 (40 10)"]
[Site "Internet Chess Club"]
[Date "2020.11.01"]
[Round "1"]
[White "aakashjr"]
[Black "Joshua1"]
[Result "1/2-1/2"]
[ICCResult "Game drawn by mutual agreement"]
[WhiteElo "1607"]
[BlackElo "1852"]
[Opening "Sicilian: Kan variation"]
[ECO "B41"]
[NIC "SI.41"]
[Time "11:04:15"]
[TimeControl "2400+10"]

1. e4 c5 2. Nf3 e6 3. d4 cxd4 4. Nxd4 a6 5. a3 Qc7 6. Nc3 Nf6 7. Bg5 Be7 8.
f4 d6 9. Be2 Nbd7 10. O-O b6 11. Bf3 Bb7 12. Bxf6 Nxf6 13. e5 Bxf3 14. Qxf3
Nd5 15. Nxd5 exd5 16. Qxd5 O-O 17. e6 Qc5 18. exf7+ Rxf7 19. Qxc5 dxc5 20.
Nb3 Bf6 21. c3 Re7 22. Rfe1 Rd8 23. Rxe7 Bxe7 24. Re1 Kf7 25. Kf2 Bf6 26.
Re2 g6 27. Rd2 Rxd2+ 28. Nxd2 Ke6 29. Ne4 Be7 30. Kf3 Kd5 31. b3 h6 32. Ke3
b5 33. g4 Ke6 34. b4 cxb4 35. cxb4 Kd5 36. Kd3 Bf8 37. h4 Be7 38. g5 hxg5
39. fxg5 Ke5 40. Ke3 Bd8 41. Nc5 a5 42. Kf3 axb4 43. axb4 Kf5 44. Ne4 Be7
45. Nc5 Bd8 {Game drawn by mutual agreement} 1/2-1/2

[Event "ICC tourney 2097 (40 10)"]
[Site "Internet Chess Club"]
[Date "2020.11.01"]
[Round "1"]
[White "chesslin"]
[Black "USChessNinja"]
[Result "1/2-1/2"]
[ICCResult "Game drawn because neither player has mating material"]
[WhiteElo "1831"]
[BlackElo "1626"]
[Opening "Queen's pawn: London system"]
[ECO "A45"]
[NIC "QP.07"]
[Time "11:04:14"]
[TimeControl "2400+10"]

1. d4 Nf6 2. Bf4 g6 3. Nc3 d5 4. h4 Bg7 5. e3 O-O 6. h5 gxh5 7. Bd3 c5 8.
dxc5 Nc6 9. Bg5 Ng4 10. Rxh5 h6 11. Bh4 f5 12. Bg3 d4 13. Bc4+ Kh8 14. exd4
Bxd4 15. Nge2 f4 16. Rd5 fxg3 17. Nxd4 gxf2+ 18. Kd2 Qc7 19. Ncb5 Qf4+ 20.
Kc3 Ne3 21. Qd2 Nxd5+ 22. Bxd5 f1=Q 23. Rxf1 Qxd2+ 24. Kxd2 Rxf1 25. Nxc6
bxc6 26. Bxc6 Rb8 27. Nxa7 Bb7 28. b4 Bxc6 29. Nxc6 Rc8 30. Nxe7 Re8 31. Nd5
Rd8 32. c4 Rf2+ 33. Kc3 Rxa2 34. c6 Rc8 35. c7 Rxg2 36. b5 Rxc7 37. Nxc7 h5
38. b6 h4 39. Nd5 h3 40. Nf6 Rg3+ 41. Kb4 Rg7 42. Ne4 h2 43. Nf2 Rf7 44. Nh1
Rf1 45. Ng3 Rb1+ 46. Kc5 Rg1 47. b7 Rb1 48. Kc6 Rb3 49. c5 Kh7 50. Nh1 Rb1
51. Kc7 Rxh1 52. b8=Q Rg1 53. Qa8 h1=Q 54. Qxh1+ Rxh1 55. c6 Rc1 56. Kd7
Rd1+ 57. Ke6 Re1+ 58. Kd5 Rd1+ 59. Kc5 Rc1+ 60. Kd6 Rd1+ 61. Kc7 Rc1 62. Kd7
Rxc6 63. Kxc6 {Game drawn because neither player has mating material}
1/2-1/2

[Event "ICC tourney 2097 (40 10)"]
[Site "Internet Chess Club"]
[Date "2020.11.01"]
[Round "1"]
[White "loveEdinburgh"]
[Black "angelpawn"]
[Result "1-0"]
[ICCResult "Black forfeits on time"]
[WhiteElo "1858"]
[BlackElo "1574"]
[Opening "Dutch: Leningrad, main variation with Nc6"]
[ECO "A89"]
[NIC "HD.05"]
[Time "11:04:11"]
[TimeControl "2400+10"]

1. d4 f5 2. c4 Nf6 3. Nc3 g6 4. g3 Bg7 5. Bg2 d6 6. Nf3 O-O 7. O-O Nc6 8. e3
e5 9. b3 e4 10. Ne1 a6 11. Nc2 Bd7 12. Bb2 Rb8 13. Re1 Qe8 14. Bf1 g5 15.
Bg2 Qg6 16. Ne2 Rbe8 17. f4 g4 18. Rb1 h5 19. Kf2 Kf7 20. Qd2 Rh8 21. a3 h4
22. Rh1 h3 23. Bf1 Re7 24. d5 Nb8 25. Qb4 Bc8 26. Ned4 b6 27. a4 a5 28. Qd2
Bd7 29. Be2 Rc8 30. Rhd1 Na6 31. Bf1 Nc5 32. Ba3 Nd3+ 33. Kg1 Qh6 34. Ne2
Nh5 35. Ne1 Rh8 36. Nxd3 exd3 37. Qxd3 Rhe8 38. Bc1 Nf6 39. Nd4 Ne4 40. Re1
Qg6 41. Qc2 Nxg3 42. hxg3 Bxd4 43. Qd3 h2+ 44. Kh1 Bc5 45. Bd2 Qg7 46. Bg2
Kg8 47. Bc3 Qh6 48. Bd2 Qg6 49. Re2 Qh5 50. Rbe1 Qh7 51. Bc3 Qf7 52. Bd4 Bb4
53. Bc3 Bc5 54. Bd4 Bb4 55. Rb1 Qh7 56. Bc3 Bc5 57. Rbe1 Qg6 58. e4 fxe4 59.
Bxe4 Qh6 60. Bg2 Rxe2 61. Rxe2 Rxe2 62. Qxe2 Kf7 63. Qe4 Bg1 64. Bd4 Qg6 65.
Bxg1 Qxe4 66. Bxe4 hxg1=Q+ 67. Kxg1 Kf6 68. Kf2 {Black forfeits on time} 1-0

[Event "ICC tourney 2097 (40 10)"]
[Site "Internet Chess Club"]
[Date "2020.11.01"]
[Round "2"]
[White "VirginiaGuy"]
[Black "ScoutViolet"]
[Result "0-1"]
[ICCResult "White resigns"]
[WhiteElo "1390"]
[BlackElo "1653"]
[Opening "Giuoco Piano: four knights variation"]
[ECO "C50"]
[NIC "IG.02"]
[Time "13:16:31"]
[TimeControl "2400+10"]

1. e4 e5 2. Nf3 Nc6 3. Bc4 Bc5 4. Nc3 Nf6 5. O-O d6 6. h3 O-O 7. d3 h6 8. a3
a6 9. Qe2 Qe7 10. Be3 Nd4 11. Qd1 c6 12. Nb1 d5 13. exd5 cxd5 14. Ba2 Nc6
15. Bxc5 Qxc5 16. Re1 Re8 17. Nc3 b5 18. b4 Qxc3 {White resigns} 0-1

[Event "ICC tourney 2097 (40 10)"]
[Site "Internet Chess Club"]
[Date "2020.11.01"]
[Round "2"]
[White "Deveshc"]
[Black "Hrushichess"]
[Result "1-0"]
[ICCResult "Black checkmated"]
[WhiteElo "1490"]
[BlackElo "1606"]
[Opening "French: Tarrasch, open variation, main line"]
[ECO "C09"]
[NIC "FR.22"]
[Time "13:16:35"]
[TimeControl "2400+10"]

1. e4 e6 2. d4 d5 3. Nd2 c5 4. exd5 exd5 5. Ngf3 Nc6 6. Bb5 Qb6 7. Qe2+ Be7
8. dxc5 Qxc5 9. Ne5 a6 10. Bxc6+ bxc6 11. Nb3 Qa7 12. Nxc6 Qc7 13. Nxe7 Nxe7
14. O-O O-O 15. Re1 Ng6 16. Be3 Bb7 17. Bc5 Rfd8 18. Qd3 Re8 19. Qc3 Nf4 20.
Qg3 Qc6 21. Qxf4 d4 22. Qg3 a5 23. Bxd4 g6 24. Nc5 Rad8 25. Nxb7 Qxb7 26.
Rxe8+ Rxe8 27. Qf3 Qe7 28. Kf1 Qc7 29. Qf6 Qc4+ 30. Kg1 Kf8 31. Qh8+ Ke7 32.
Re1+ Kd6 33. Qxe8 Qxd4 34. Qd8+ Kc5 35. Qxd4+ Kxd4 36. Re7 f5 37. Rxh7 g5
38. Kf1 g4 39. Ke2 f4 40. Rh4 f3+ 41. gxf3 a4 42. Rxg4+ Kd5 43. h4 a3 44. b3
Ke5 45. h5 Kd5 46. h6 Ke5 47. h7 Kd5 48. h8=Q Ke6 49. Re4+ Kf7 50. Qh7+ Kf6
51. Qe7+ Kf5 52. Qe6+ Kg5 53. Rg4+ Kh5 54. Qg6# {Black checkmated} 1-0

[Event "ICC tourney 2097 (40 10)"]
[Site "Internet Chess Club"]
[Date "2020.11.01"]
[Round "2"]
[White "raremystery"]
[Black "yanje03"]
[Result "1-0"]
[ICCResult "Black checkmated"]
[WhiteElo "1682"]
[BlackElo "1469"]
[Opening "Sicilian: Taimanov, American attack"]
[ECO "B41"]
[NIC "SI.41"]
[Time "13:16:22"]
[TimeControl "2400+10"]

1. e4 c5 2. Nf3 e6 3. d4 cxd4 4. Nxd4 Nf6 5. Nc3 Nc6 6. Ndb5 Bb4 7. Nd6+ Ke7
8. Nxc8+ Rxc8 9. Bd3 Re8 10. O-O Kf8 11. Bg5 h6 12. Bh4 Kg8 13. Re1 Bxc3 14.
bxc3 e5 15. Re3 Qe7 16. Rf3 Nd8 17. Bxf6 gxf6 18. Rg3+ Kh7 19. Qg4 Qf8 20.
Qf5+ Kh8 21. Qxf6+ Kh7 22. Be2 Rc6 23. Qf5+ Kh8 24. Bb5 Rd6 25. Rd3 Ree6 26.
Bxd7 Rf6 27. Qxe5 Kg8 28. Rad1 Rxd3 29. Rxd3 Qa3 30. Bg4 Rb6 31. Rxd8+ Kh7
32. Bf5+ Rg6 33. Rh8# {Black checkmated} 1-0

[Event "ICC tourney 2097 (40 10)"]
[Site "Internet Chess Club"]
[Date "2020.11.01"]
[Round "2"]
[White "gmcarebear999"]
[Black "ChessStar22"]
[Result "1-0"]
[ICCResult "Black checkmated"]
[WhiteElo "1748"]
[BlackElo "1434"]
[Opening "QGD Slav defense: exchange variation"]
[ECO "D13"]
[NIC "SL.01"]
[Time "13:16:41"]
[TimeControl "2400+10"]

1. d4 c6 2. c4 d5 3. cxd5 cxd5 4. Nf3 Nc6 5. Nc3 Nf6 6. Bf4 a6 7. e3 Bg4 8.
Be2 e6 9. O-O Bd6 10. Ne5 Bxe2 11. Qxe2 Bxe5 12. dxe5 Nd7 13. Qg4 O-O 14.
Bh6 g6 15. Bxf8 Ndxe5 16. Qe2 Qxf8 17. Rac1 Rc8 18. a3 b5 19. Nb1 Na5 20.
Nd2 Nac4 21. Nxc4 Nxc4 22. Rc2 b4 23. axb4 Qxb4 24. Qe1 Qb7 25. Qe2 Qb4 26.
Qd3 Ra8 27. b3 Na3 28. Ra2 Nb5 29. Ra4 Qc5 30. b4 Qc6 31. Rfa1 e5 32. R4a2
e4 33. Qd2 Nd6 34. Rd1 Qc4 35. Qxd5 Qxd5 36. Rxd5 Nc4 37. Rc5 Nb6 38. Rc6
Nd5 39. Rcxa6 Rxa6 40. Rxa6 Nxb4 41. Ra4 Nd3 42. Rxe4 Nc5 43. Rc4 Nd3 44. g3
Ne5 45. Ra4 f6 46. Kg2 Kf7 47. Ra7+ Kg8 48. f4 Nf7 49. Kf3 f5 50. e4 fxe4+
51. Kxe4 Kg7 52. g4 h5 53. gxh5 gxh5 54. f5 Kf6 55. Ra6+ Kg5 56. Rg6+ Kh4
57. f6 Ng5+ 58. Rxg5 Kxg5 59. f7 Kh4 60. f8=Q Kh3 61. Qg7 h4 62. Kf3 Kxh2
63. Qg2# {Black checkmated} 1-0

[Event "ICC tourney 2097 (40 10)"]
[Site "Internet Chess Club"]
[Date "2020.11.01"]
[Round "2"]
[White "ChessG2011"]
[Black "mnm2"]
[Result "0-1"]
[ICCResult "White resigns"]
[WhiteElo "1195"]
[BlackElo "1501"]
[Opening "Sicilian: Boleslavsky variation, 7.Nb3"]
[ECO "B59"]
[NIC "SI.25"]
[Time "13:16:24"]
[TimeControl "2400+10"]

1. e4 c5 2. Nf3 d6 3. d4 cxd4 4. Nxd4 Nf6 5. Nc3 Nc6 6. Be2 e5 7. Nb3 Be7 8.
Be3 Be6 9. O-O O-O 10. Qd2 Qd7 11. Rad1 Rfd8 12. Nd5 Nxe4 13. Nxe7+ Qxe7 14.
Qd3 d5 15. Bf3 f5 16. Nd2 d4 17. Nxe4 dxe3 18. Qxe3 fxe4 19. Qxe4 Nd4 20.
Qxb7 Qxb7 21. Bxb7 Rab8 22. Be4 {White resigns} 0-1

[Event "ICC tourney 2097 (40 10)"]
[Site "Internet Chess Club"]
[Date "2020.11.01"]
[Round "2"]
[White "angelpawn"]
[Black "MadiChesskid"]
[Result "0-1"]
[ICCResult "White checkmated"]
[WhiteElo "1554"]
[BlackElo "1372"]
[Opening "QGD: Ragozin variation"]
[ECO "D38"]
[NIC "NI.27"]
[Time "13:16:34"]
[TimeControl "2400+10"]

1. d4 d5 2. c4 e6 3. Nf3 Nf6 4. Nc3 Bb4 5. Bg5 O-O 6. e3 c5 7. Bd3 cxd4 8.
exd4 dxc4 9. Bxc4 Qc7 10. Bxf6 Qxc4 11. Nd2 Bxc3 12. bxc3 Qxc3 13. Rc1 Qd3
14. Be5 Nc6 15. Rxc6 bxc6 16. h4 f6 17. Rh3 Qb5 18. Rb3 Qd5 19. Rg3 fxe5 20.
Qg4 Rf7 21. Ne4 Qa5+ 22. Kf1 Ba6+ 23. Kg1 Qc7 24. Ng5 Rf6 25. Nxe6 Qd7 26.
Nc5 Qxg4 27. Rxg4 Bc8 28. Re4 exd4 29. Rxd4 Be6 30. a4 Bd5 31. g3 Rb8 32.
Nd7 Rb1+ 33. Kh2 Rh1# {White checkmated} 0-1

[Event "ICC tourney 2097 (40 10)"]
[Site "Internet Chess Club"]
[Date "2020.11.01"]
[Round "2"]
[White "Dhruti813kob36"]
[Black "CoarseCrown"]
[Result "1/2-1/2"]
[ICCResult "Game drawn by mutual agreement"]
[WhiteElo "1429"]
[BlackElo "1658"]
[Opening "Sicilian: Pelikan (Lasker/Sveshnikov) variation"]
[ECO "B33"]
[NIC "SI.35"]
[Time "13:16:24"]
[TimeControl "2400+10"]

1. e4 c5 2. Nf3 Nc6 3. d4 cxd4 4. Nxd4 Nf6 5. Nc3 e5 6. Ndb5 d6 7. Nd5 Nxd5
8. exd5 Nb8 9. c4 Be7 10. Bd3 O-O 11. O-O f5 12. f3 Na6 13. Bd2 Nc5 14. Bc2
a6 15. Nc3 Bg5 16. f4 Bf6 17. fxe5 Bxe5 18. Bf4 Bxf4 19. Rxf4 Qg5 20. Qf3
Bd7 21. b4 Ne4 22. Nxe4 fxe4 23. Rxf8+ Rxf8 24. Qxe4 Bf5 25. Qe2 Bxc2 26.
Qxc2 Qe3+ 27. Kh1 Rf2 28. Qb3 Qe2 29. Rg1 Qxa2 30. Qxa2 Rxa2 31. Rc1 Rd2 32.
Kg1 Rd4 33. Kf2 Kf7 34. Ke3 Rh4 35. h3 Ke7 36. Kd3
{Game drawn by mutual agreement}
1/2-1/2

[Event "ICC tourney 2097 (40 10)"]
[Site "Internet Chess Club"]
[Date "2020.11.01"]
[Round "2"]
[White "mnm1"]
[Black "atevifred"]
[Result "0-1"]
[ICCResult "White checkmated"]
[WhiteElo "1468"]
[BlackElo "1892"]
[Opening "Caro-Kann: exchange variation"]
[ECO "B13"]
[NIC "CK.02"]
[Time "13:16:22"]
[TimeControl "2400+10"]

1. e4 c6 2. d4 d5 3. exd5 cxd5 4. Nf3 Nf6 5. Bd3 Bg4 6. Bf4 e6 7. Nc3 Bd6 8.
Bxd6 Qxd6 9. O-O Nc6 10. Be2 a6 11. h3 h5 12. Re1 O-O-O 13. Na4 Bxf3 14.
Bxf3 g5 15. Nc5 g4 16. Be2 gxh3 17. g3 h4 18. Qd3 hxg3 19. Qxg3 Rdg8 20.
Qxg8+ Rxg8+ 21. Kf1 h2 22. Bf3 Nxd4 23. Nxa6 Qxa6+ 24. Re2 Rg1#
{White checkmated}
0-1